Cogmind - Beta 15 @@@ ROGUE MODE // 2025.05.12 @ 21:50:04 Player: Rubbe Result: Destroyed by C-17 Slicer with Blade Saw Performance ------------- Evolutions (3) 1500 Regions Visited (6) 1200 Robots Destroyed (59) 295 Value Destroyed (1293) 1293 Prototype IDs (2) 40 Alien Tech Used (0) 0 Bonus (0) 0 TOTAL SCORE: 4328 Bonus ------- None Cogmind --------- Core Integrity 0/700 Matter 257/300 Energy 83/100 System Corruption 5% Temperature Cool (0) Movement Core (50) Location -7/Factory Parts ------- > --- POWER (2) -------- (None) > --- PROPULSION (5) --- (None) > --- UTILITY (4) ------ Visual Processing Unit Improved Targeting Computer Microactuators > --- WEAPON (2) ------- (None) > --- INVENTORY (5) ---- Tractor Beam Cooled Pulse Rifle Peak State ------------ > --- POWER ------------ Improved Deuterium Engine Micro Nuclear Core > --- PROPULSION ------- Wheel Wheel Compact Wheel Compact Wheel Compact Wheel > --- UTILITY ---------- Visual Processing Unit Improved Targeting Computer > --- WEAPON ----------- Heavy EM Pulse Gun Gauss Rifle > --- INVENTORY -------- Tractor Beam Shock Rifle Heavy Laser Cooled Pulse Rifle [Rating: 24] Favorites ----------- Power Light Ion Engine Engine Light Ion Engine Power Core Light Nuclear Core Propulsion Aluminum Leg Leg Aluminum Leg Wheel Wheel Hover Unit Improved Hover Unit Flight Unit Flight Unit Utility Visual Processing Unit Device Terrain Scanner Storage Small Storage Unit Processor Visual Processing Unit Protection Weapon Shielding Weapon Small Laser Energy Gun Small Laser Ballistic Gun Light Assault Rifle Build | -11 -10 -10 -9 -9 -8 -7 ------- Run | Yrd Mat Min Mat Min Mat Fac Slots Evolved 6 | . . . 2 . 2 2 Power 1 | . . . . . . 1 Propulsion 3 | . . . . . 2 1 Utility 2 | . . . 2 . . . Weapon . | . . . . . . . Parts Attached 68 | 7 5 . 11 . 17 28 Power 10 | 1 1 . 1 . 3 4 Engine 6 | 1 1 . 1 . 1 2 Core 4 | . . . . . 2 2 Reactor . | . . . . . . . Propulsion 29 | 2 1 . 3 . 7 16 Treads . | . . . . . . . Leg 9 | 2 1 . 1 . 4 1 Wheel 11 | . . . . . . 11 Hover 5 | . . . . . 3 2 Flight 4 | . . . 2 . . 2 Utility 11 | 2 1 . 5 . 2 1 Device 5 | 1 . . 2 . 1 1 Storage 2 | 1 1 . . . . . Processor 2 | . . . 1 . 1 . Hackware . | . . . . . . . Protection 2 | . . . 2 . . . Artifact . | . . . . . . . Weapon 18 | 2 2 . 2 . 5 7 Energy Gun 15 | 1 2 . 2 . 4 6 Energy Cannon . | . . . . . . . Ballistic Gun 3 | 1 . . . . 1 1 Ballistic Cannon . | . . . . . . . Launcher . | . . . . . . . Special Weapon . | . . . . . . . Impact Weapon . | . . . . . . . Slashing Weapon . | . . . . . . . Piercing Weapon . | . . . . . . . Special Melee Weapon . | . . . . . . . Unidentified Prototypes 2 | . . . . . 1 1 Corrupted Parts 2 | . . . 1 . . 1 System Corruption 5 | . . . 4 . . 1 Parts Lost 47 | . 2 . 8 . 14 23 Power 8 | . . . 1 . 2 5 Propulsion 20 | . . . 3 . 5 12 Utility 5 | . 1 . 2 . 2 . Weapon 14 | . 1 . 2 . 5 6 Highest Loss Streak 8 | . 2 . 5 . 8 8 To Critical Strikes . | . . . . . . . Average Backups 4 | 2 5 7 6 4 4 3 Power 1 | . 2 2 2 2 2 . Propulsion . | . . 2 1 1 . . Utility 1 | . 1 3 1 . . . Weapon 1 | 1 . . . 1 1 2 Tool/Special . | . . . . . . . Unused Backups 5 | . 1 . 1 . . 3 Power . | . . . . . . . Propulsion 3 | . 1 . . . . 2 Utility 1 | . . . . . . 1 Weapon 1 | . . . 1 . . . Tool/Special . | . . . . . . . Average Slot Usage (%) 74 | . 95 100 80 55 67 54 Engine 7 | . 14 14 8 11 1 4 Core 2 | . . . . . 7 5 Leg 12 | . 28 28 13 . 7 1 Wheel 4 | . . . . . . 14 Hover 1 | . . . . . 7 1 Flight 1 | . . . 4 11 1 . Device 5 | . 11 . 4 11 15 . Storage 8 | . 15 28 11 . . . Processor 8 | . . . 7 11 14 15 Protection 1 | . . . 9 . . . Energy Gun 13 | . 11 28 20 11 13 7 Ballistic Gun 3 | . 13 . . . . 2 Peak Build Rating 24 | 7 7 7 13 6 22 24 Average Rating 11 | 4 6 7 9 6 15 16 On Entrance 5 | . 7 7 7 6 6 7 Naked Turns . | . . . . . . . Heaviest Build 23 | 13 14 14 18 8 13 23 Greatest Support 68 | 20 20 20 20 4 35 68 Greatest Overweight (x) 4 | 2 . . 3 1 4 3 Average Overweight (x) . | . . . . 1 . . Largest Inventory Capacity 8 | 8 8 8 8 5 5 5 Average Capacity 6 | 7 8 8 7 5 5 5 Most Carried 8 | 5 8 7 8 4 5 5 Average Carried 4 | 2 5 7 6 4 4 3 Final Capacity 8 | 8 8 8 5 5 5 5 Final Carried 7 | 3 7 7 4 4 2 2 Class Distribution -------------------- 62% | Mutant 37% | Scavenger-Mutant Dominant Class ---------------- Mutant | -10/Materials Mutant | -10/Mines Scavenger-Mutant | -9/Materials Mutant | -9/Mines Scavenger-Mutant | -8/Materials Mutant | -7/Factory Resources | -11 -10 -10 -9 -9 -8 -7 ----------- Run | Yrd Mat Min Mat Min Mat Fac Matter Collected 1014 | 263 189 46 31 . 171 314 Remotely . | . . . . . . . Salvage Created 2076 | 27 312 58 439 . 500 740 Parts 136 | 9 24 3 29 . 19 52 Haulers Intercepted 2 | . . . . . . 2 Recyclers Shooed 2 | . . . . . . 2 Parts Field Recycled . | . . . . . . . Retrieved Matter . | . . . . . . . Parts Self-Destructed . | . . . . . . . Prevented . | . . . . . . . Kills | -11 -10 -10 -9 -9 -8 -7 ------- Run | Yrd Mat Min Mat Min Mat Fac Combat Hostiles Destroyed 31 | . 4 . 11 . 8 8 Guns 27 | . 4 . 8 . 7 8 AOE 2 | . . . 2 . . . Classes Destroyed 13 | 1 4 . 4 . 2 2 Worker 6 | . . . 1 . 1 4 Builder 5 | . 1 . 1 . . 3 Tunneler 2 | 2 . . . . . . Hauler 2 | . . . . . . 2 Recycler 7 | . 2 1 . . . 4 Mechanic 1 | . . . . . 1 . Operator 2 | . . . . . 1 1 Watcher 3 | . 1 . 1 . 1 . Swarmer 11 | . . . 5 . . 6 Grunt 13 | . 4 . 2 . 7 . Brawler 1 | . . . 1 . . . Sentry 4 | . . . 3 . 1 . Programmer 2 | . . . . . . 2 Best Kill Streak 7 | 2 7 1 5 . 4 4 Combat Bots Only 5 | . 4 . 5 . 3 3 Max Kills in Single Turn 2 | 1 2 1 1 . 1 1 Gunslinging . | . . . . . . . Exploded 1 | . . . 1 . . . Melee . | . . . . . . . Uniques/NPCs Destroyed . | . . . . . . . Combat | -11 -10 -10 -9 -9 -8 -7 -------- Run | Yrd Mat Min Mat Min Mat Fac Hostile Shots Fired 439 | . 35 . 104 4 111 185 Missed 153 | . 12 . 41 3 28 69 Hits 286 | . 23 . 63 1 83 116 Melee 18 | . . . 11 . . 7 Projectile 268 | . 23 . 52 1 83 109 AOE 4 | . . . . . . 4 Critical Strikes 21 | . 1 . 7 . 7 6 Actively Blocked 1 | . . . 1 . . . Damage Taken 4631 | . 294 . 994 19 1370 1954 Core 1379 | . 33 . 177 17 443 709 Absorbed by Shields . | . . . . . . . Redirected to Shielding 55 | . . . 55 . . . Core Remaining (%) 64 | 100 . 86 . 51 19 . Volleys Fired 189 | 3 25 2 42 3 54 60 Largest 2 | 2 2 2 2 1 2 2 Hottest 149 | 60 60 80 106 50 128 149 Shots Fired 306 | 6 31 4 72 3 91 99 Gun 306 | 6 31 4 72 3 91 99 Cannon . | . . . . . . . Launcher . | . . . . . . . Special . | . . . . . . . Kinetic 67 | 3 25 . . . 7 32 Thermal 189 | 3 1 2 51 3 84 45 Explosive . | . . . . . . . Electromagnetic 50 | . 5 2 21 . . 22 Robot Hit Streak 18 | 3 8 4 12 2 18 11 Robot Miss Streak 4 | 1 3 . 4 1 4 4 Penetration Max . | . . . . . . . Secondary Targets 4 | . 1 . . . 2 1 Max Gunslinging Chain 1 | . 1 . . . 1 1 Shots Hit Robots 221 | 3 20 4 50 2 67 75 Core Hits 100 | 2 15 2 19 . 29 33 Critical Kills . | . . . . . . . Critical Parts Destroyed . | . . . . . . . Critical Strikes 8 | . . . 3 . 3 2 Burn 8 | . . . 3 . 3 2 Melee Attacks . | . . . . . . . Impact . | . . . . . . . Slashing . | . . . . . . . Piercing . | . . . . . . . Sneak Attacks . | . . . . . . . Combat Hostiles . | . . . . . . . Follow-up Attacks . | . . . . . . . Damage Inflicted 3773 | 32 332 49 674 28 1031 1627 Guns 3485 | 32 203 49 605 24 1031 1541 Cannons . | . . . . . . . Explosions 264 | . 129 . 65 . . 70 Melee . | . . . . . . . Ramming 24 | . . . 4 4 . 16 Kinetic 751 | 9 139 . . . 104 499 Thermal 2532 | 23 140 24 501 24 927 893 Explosive . | . . . . . . . Electromagnetic 466 | . 53 25 169 . . 219 Impact . | . . . . . . . Slashing . | . . . . . . . Piercing . | . . . . . . . Highest Corruption 5 | . . . 4 4 . 5 Average Corruption 4 | . . . 4 4 . 4 Corruption Purged . | . . . . . . . Corruption Blocked . | . . . . . . . Effects 20 | . . . 9 . . 11 Message Errors 4 | . . . 2 . . 2 Matter Fused 7 | . . . 2 . . 5 Heat Flow Errors 1 | . . . . . . 1 Energy Discharges 2 | . . . 2 . . . Parts Rejected 1 | . . . . . . 1 Data Loss (minor) 1 | . . . . . . 1 Data Loss (major) 2 | . . . 2 . . . Misfires 2 | . . . 1 . . 1 Overload Shots . | . . . . . . . Overflow Damage 1 | . . . . . . 1 Projectiles . | . . . . . . . Explosions . | . . . . . . . Melee 1 | . . . . . . 1 Knockbacks . | . . . . . . . Impact . | . . . . . . . Kinetic . | . . . . . . . Secondary . | . . . . . . . Self-Inflicted Damage 95 | . . . 17 2 . 76 Shots 3 | . . . 1 . . 2 Rammed 4 | . . . 1 1 . 2 Targets Rammed 4 | . . . 1 1 . 2 Kicked . | . . . . . . . Crushed . | . . . . . . . Highest Temperature 355 | 20 99 18 254 21 355 269 Average Temperature 83 | 15 46 12 96 9 110 68 Received Heat Transfer 1635 | . 183 . 246 9 873 324 Effects 3 | . . . . . 1 2 Interference 2 | . . . . . . 2 Damage (minor) 1 | . . . . . 1 . Siege Activations . | . . . . . . . Martial Activations . | . . . . . . . Shielding Activations . | . . . . . . . Robots Disrupted . | . . . . . . . Combat Hostiles . | . . . . . . . Robots Corrupted . | . . . . . . . Combat Hostiles . | . . . . . . . Parts Fried . | . . . . . . . Impact Corruptions 1 | . . . . . . 1 Robots Melted 2 | . . . 1 . 1 . Combat Hostiles 2 | . . . 1 . 1 . Parts Melted 10 | . . . 1 . 7 2 Heat Transferred 6294 | 50 275 50 1339 74 2553 1953 Parts Sabotaged . | . . . . . . . Parts Stolen . | . . . . . . . Parts Stripped . | . . . . . . . Power Chain Reactions 5 | . 1 . 2 . . 2 Alert | -11 -10 -10 -9 -9 -8 -7 ------- Run | Yrd Mat Min Mat Min Mat Fac Maximum Alert Level . | . . . . . . . Low Security (%) 100 | 100 100 100 100 100 100 100 Level 1 . | . . . . . . . Level 2 . | . . . . . . . Level 3 . | . . . . . . . Level 4 . | . . . . . . . Level 5 . | . . . . . . . High Security . | . . . . . . . Max Security . | . . . . . . . Peak Influence 153 | 5 74 16 153 19 60 124 Initial 19 | . . 16 . 19 . . Average 26 | . 12 1 74 9 14 28 Influence Increases 1141 | 10 115 5 320 . 222 469 Destroy 0b10 Robot/C 620 | . 80 . 220 . 160 160 Destroy 0b10 Robot/NC 140 | 10 20 5 15 . 20 70 Destroy Leader 160 | . 12 . 62 . 42 44 Successful Hack 7 | . . . . . . 7 Destroy Structure 19 | . 3 . 8 . . 8 Lose Combat Pursuer 195 | . . . 15 . . 180 Influence Decreases 1034 | 10 73 47 269 51 222 362 Entered New Map 58 | . . 26 . 32 . . Time Decay 636 | 10 53 21 189 19 140 204 Lost Part 340 | . 20 . 80 . 82 158 Squads Dispatched 7 | . . . 1 . 2 4 Investigation . | . . . . . . . Extermination 1 | . . . . . . 1 Reinforcement 6 | . . . 1 . 2 3 Assault . | . . . . . . . Garrison . | . . . . . . . Intercept . | . . . . . . . Searches Triggered . | . . . . . . . Construction Impeded 2 | . . . . . . 2 Haulers Reinforced . | . . . . . . . Active Scanning Responses . | . . . . . . . Cargo Convoy Interrupts . | . . . . . . . Stealth | -11 -10 -10 -9 -9 -8 -7 --------- Run | Yrd Mat Min Mat Min Mat Fac Distress Signals 4 | . . . 2 2 . . Communications Jammed . | . . . . . . . Distress Signals . | . . . . . . . Times Spotted 78 | . 7 . 20 3 18 30 Peak Tracking Total 7 | . 4 . 7 3 6 7 Tactical Retreats 6 | . . . 1 . . 5 Traps | -11 -10 -10 -9 -9 -8 -7 ------- Run | Yrd Mat Min Mat Min Mat Fac Traps Triggered 1 | . . . 1 . . . Indirectly . | . . . . . . . Trap Hack Attempts . | . . . . . . . Triggered . | . . . . . . . Disarmed 4 | . . . . . . 4 Reprogrammed . | . . . . . . . Reused . | . . . . . . . Traps Extracted . | . . . . . . . Installed . | . . . . . . . Triggered . | . . . . . . . Machines | -11 -10 -10 -9 -9 -8 -7 ---------- Run | Yrd Mat Min Mat Min Mat Fac Machines Disabled . | . . . . . . . Max in Single Turn . | . . . . . . . Machines Repaired . | . . . . . . . Machines Dismantled . | . . . . . . . Machines Sabotaged . | . . . . . . . Overloaded Fab Kills . | . . . . . . . Hacking | -11 -10 -10 -9 -9 -8 -7 --------- Run | Yrd Mat Min Mat Min Mat Fac Machines Accessed 4 | . 1 . 1 . . 2 Terminals 3 | . 1 . 1 . . 1 Fabricators . | . . . . . . . Repair Stations . | . . . . . . . Recycling Units 1 | . . . . . . 1 Scanalyzers . | . . . . . . . Garrison Access . | . . . . . . . Total Hacks 9 | . 1 . 4 . . 4 Successful 5 | . 1 . . . . 4 Failed 4 | . . . 4 . . . Catastrophic 1 | . . . 1 . . . Database Lockouts . | . . . . . . . Manual . | . . . . . . . Terminals 8 | . 1 . 4 . . 3 Fabricators . | . . . . . . . Repair Stations . | . . . . . . . Recycling Units 1 | . . . . . . 1 Scanalyzers . | . . . . . . . Garrison Access . | . . . . . . . Terminal Hacks 4 | . 1 . . . . 3 Branch Access Points 1 | . . . . . . 1 Disarm Traps 1 | . . . . . . 1 Reinforcement Status 1 | . . . . . . 1 Hauler Manifests 1 | . 1 . . . . . Fabricator Hacks . | . . . . . . . Repair Station Hacks . | . . . . . . . Recycling Unit Hacks 1 | . . . . . . 1 Retrieve Components 1 | . . . . . . 1 Scanalyzer . | . . . . . . . Garrison Access Hacks . | . . . . . . . Unauthorized Hacks . | . . . . . . . Terminals . | . . . . . . . Fabricators . | . . . . . . . Repair Stations . | . . . . . . . Recycling Units . | . . . . . . . Scanalyzers . | . . . . . . . Garrison Access . | . . . . . . . Data Cores Recovered 1 | . . . . . . 1 Used . | . . . . . . . Hacking Detections 1 | . . . 1 . . . Full Trace Events 1 | . . . 1 . . . Feedback Events . | . . . . . . . Feedback Blocked . | . . . . . . . Robot Schematics Acquired . | . . . . . . . Robots Built . | . . . . . . . Authchips . | . . . . . . . Time . | . . . . . . . Total Robot Build Rating . | . . . . . . . Part Schematics Acquired . | . . . . . . . Parts Built . | . . . . . . . Authchips . | . . . . . . . Time . | . . . . . . . Total Part Build Rating . | . . . . . . . Parts Repaired . | . . . . . . . Time . | . . . . . . . Parts Recycled . | . . . . . . . Recycled Matter . | . . . . . . . Retrieved Matter . | . . . . . . . Retrieved Components 5 | . . . . . . 5 Parts Scanalyzed . | . . . . . . . Part Schematics Acquired . | . . . . . . . Parts Damaged . | . . . . . . . Bothacking | -11 -10 -10 -9 -9 -8 -7 ------------ Run | Yrd Mat Min Mat Min Mat Fac Used RIF Installer . | . . . . . . . Robots Hacked . | . . . . . . . Non-combat . | . . . . . . . Combat . | . . . . . . . Robot Hacks Applied . | . . . . . . . Relay Couplers Released . | . . . . . . . Fabnet Peak Effective % . | . . . . . . . Robots Rewired . | . . . . . . . Allies Hacked . | . . . . . . . Hacks Repelled . | . . . . . . . Allies | -11 -10 -10 -9 -9 -8 -7 -------- Run | Yrd Mat Min Mat Min Mat Fac Total Allies . | . . . . . . . Largest Group . | . . . . . . . Highest-Rated Group . | . . . . . . . Highest-Rated Ally . | . . . . . . . Total Orders . | . . . . . . . Ally Attacks . | . . . . . . . Total Damage . | . . . . . . . Kills . | . . . . . . . Allies Corrupted . | . . . . . . . Allies Melted . | . . . . . . . Intel | -11 -10 -10 -9 -9 -8 -7 ------- Run | Yrd Mat Min Mat Min Mat Fac Active Infowar (turns) 1954 | 15 424 . 317 57 439 702 Optics 1515 | . . . 317 57 439 702 Terrain 608 | . . . 125 57 426 . Seismic 439 | 15 424 . . . . . Robot Analysis Total . | . . . . . . . Derelict Logs Recovered . | . . . . . . . Drone Launches . | . . . . . . . Drone Recoveries . | . . . . . . . Exploration | -11 -10 -10 -9 -9 -8 -7 ------------- Run | Yrd Mat Min Mat Min Mat Fac Turns Passed 2741 | 86 529 284 468 57 439 878 Spaces Moved 1778 | 66 190 232 286 42 218 744 Core 154 | 29 . . 3 . 16 106 Treads . | . . . . . . . Legs 844 | 37 190 232 154 . 105 126 Wheels 351 | . . . . . . 351 Hover 250 | . . . . . 97 153 Flight 179 | . . . 129 42 . 8 Fastest Speed 35 | 50 120 120 37 120 52 35 Average Speed 101 | 92 120 120 115 120 96 87 Slowest Speed 285 | 150 120 120 200 120 250 285 Overloaded Moves . | . . . . . . . Propulsion Burnouts . | . . . . . . . Robots Hopped 1 | . . . 1 . . . Potential Cave-ins . | . . . . . . . Cave-ins Triggered . | . . . . . . . Exploration Rate (%) 22 | 3 26 53 26 9 22 15 Regions Visited 6 Branch Regions 2 Pre-discovered Areas . | . . . . . . . Known Exits Taken . | . . . . . . . Unknown Exits Taken 6 | 1 1 1 1 1 1 . Scrap Searched . | . . . . . . . Spaces Dug . | . . . . . . . Terrain Destroyed 15 | . 2 . 7 . . 6 Melee . | . . . . . . . Projectile 1 | . . . . . . 1 AOE 14 | . 2 . 7 . . 5 Terrain Rammed . | . . . . . . . Walls Destroyed . | . . . . . . . Machines Disabled . | . . . . . . . Actions | -11 -10 -10 -9 -9 -8 -7 --------- Run | Yrd Mat Min Mat Min Mat Fac Total 2412 | 85 468 233 351 45 358 872 Wait 283 | . 232 . . . 51 . Move 1770 | 65 189 231 283 41 217 744 Hop 1 | . . . 1 . . . Pick Up 75 | 10 11 . 9 . 14 31 Fast Attach . | . . . . . . . Attach 56 | 7 3 . 7 . 13 26 Detach . | . . . . . . . Swap 15 | . 3 . 4 . 5 3 Drop 19 | . 5 . 4 . 4 6 Fire 189 | 3 25 2 42 3 54 60 Melee . | . . . . . . . Ram 4 | . . . 1 1 . 2 Kick . | . . . . . . . Crush . | . . . . . . . Escape Stasis . | . . . . . . . Rewire . | . . . . . . . Trap . | . . . . . . . Miscellaneous . | . . . . . . . Route ------- -11/Scrapyard -10/Materials -10/Mines -9/Materials -9/Mines -8/Materials -7/Factory (discovered 4 exits: Sto x2 / Low x2) History --------- Turn | Location | Event 18 | -11/Scrapyard | Discovered new exit (range 15) 87 | -11/Scrapyard | Entered Materials 302 | -10/Materials | Build established: Mutant 609 | -10/Materials | Discovered new exit (range 7) 616 | -10/Materials | Entered Mines 618 | -10/Mines | Met a Derelict bent on vengeance 894 | -10/Mines | Discovered new exit (range 7) 900 | -10/Mines | Entered Materials 900 | -9/Materials | Evolved 2 slots: Utility x2 1243 | -9/Materials | Lost 5 parts (1p2n1u1w) 1360 | -9/Materials | Discovered new exit (range 7) 1368 | -9/Materials | Entered Mines 1369 | -9/Mines | Lost 3 parts (1n1u1w) 1397 | -9/Mines | Discovered new exit (range 5) 1425 | -9/Mines | Entered Materials 1425 | -8/Materials | Evolved 2 slots: Propulsion x2 1501 | -8/Materials | Lost 3 parts (1p1n1w) 1803 | -8/Materials | Build established: Scavenger-Mutant 1812 | -8/Materials | Lost 3 parts (3n) 1826 | -8/Materials | Core integrity fell below 50% 1845 | -8/Materials | Discovered new exit (range 18) 1857 | -8/Materials | Core integrity fell below 20% 1864 | -8/Materials | Entered Factory 1864 | -7/Factory | Evolved 2 slots: Power x1, Propulsion x1 1884 | -7/Factory | Lost 8 parts (1p1n2u4w) 2370 | -7/Factory | Lost 3 parts (1p2n) 2444 | -7/Factory | Lost 5 parts (1p3n1w) 2554 | -7/Factory | Lost 8 parts (2p4n2w) 2609 | -7/Factory | Identified exit to Storage 2609 | -7/Factory | Identified exit to Lower Caves 2634 | -7/Factory | Core integrity fell below 50% 2695 | -7/Factory | Lost 6 parts (1p3n2w) 2726 | -7/Factory | Core integrity fell below 20% 2742 | -7/Factory | Destroyed by C-17 Slicer with Blade Saw Last Messages --------------- R-06 Scavenger collects VTOL Module. Destroyed Lgt. Nuclear Core. K-01 Serf collects debris. K-01 Serf destroyed. VTOL Module destroyed. Hvy. Laser destroyed. Lgt. Nuclear Core destroyed. Acquired Microactuators. System corrupted: Matter fused (-9). Slammed into K-01 Serf. Destroyed Sml. Matter Pod. K-01 Serf system corrupted by crushing effect. Slammed into K-01 Serf. Acquired Gravmag System. ALERT: Suspicious intruders detected, dispatching Cutter reinforcements to area. Knocked back. Gravmag System severed. K-01 Serf destroyed. Shock Rifle destroyed. Map ----- +----------------------------------------------------+ | ????????????????????????????????????# #? | | ????????????????????????????????????# #? | | ????????????????????????????????????##+### ######? | | ?????????????????????????????????????# # #????? | | ?????????????????????????????????#####+# #????? | | ????????????????????????????????## #????? | | ????????????????????????????????# #????? | | ?????????????????????????????????# # #????? | | ?????????????????????????????????# # #????? | | ?????????????????????????????????# # #????? | | ?????????????????????????????????# # ###### | | ?????????????????????????????????# # | | ?????????????????????????????????# # | | ?????????????????????????????????# =# " " | | ?????????????????????????????????# # "" " | | ???????????????????????########### G " | | ???????????????????????# # # "" | | ???????????????????????# # # " " | | ???????????????????????# """ """ #### # " | | ???????????????????????# """ """ / !%= " | | ???????????????????????# """ """ ######## | | ???????????????????????# #??????# """ " | | ???????????????????????# ! ^ #??????# """ " | | ???????????????????????# ####???# """ " | | ???????????????###+#########c#####T ##### | | ?????????? @c k | | ?????????? | | ?????????? k g | | ???????????#######+#########+## ######### | | ??????????????????????????????# #???????# ###### | | ??????????????????????????????# #???????# # | | ??????????????????????????????# #???????# # """ | | ??????????????????????????????# #???????# # "Y" | | ??????????????????????????????# #?###+### # | | ??????????????????????????????# + | | ??????????????????????????????? #?######### # | | ??????????????????????????????? ??????????# ###### | | ??????????????????????????????? ??????????# #????? | | ??????????????????????????????? ??????????#+#????? | | ??????????????????????????????? ?????????????????? | | ??????????????????????????????? ?????????????????? | | ?????????????????????????????????????????????????? | | ?????????????????????????????????????????????????? | | ?????????????????????????????????????????????????? | | ?????????????????????????????????????????????????? | | ?????????????????????????????????????????????????? | | ?????????????????????????????????????????????????? | | ?????????????????????????????????????????????????? | | ?????????????????????????????????????????????????? | | ?????????????????????????????????????????????????? | +----------------------------------------------------+ Best States ------------- Heat Dissipation 45 Energy Generation 26 Energy Capacity 350 Matter Stores 450 Matter Capacity 450 Sight Range 18 Terrain Scan Range 14 Terrain Scan Density 10 Armor Coverage 150 Weapon Shielding 33 Melee Speed Boost 20 Evasion (%) 63 Targeting Accuracy 6 Item Schematics ----------------- None Robot Schematics ------------------ None Fabricated ------------ Nothing Repaired ---------- Nothing Alien Tech Used ----------------- None Achievements -------------- None Challenges ------------ None Game ------ Seed ArchitectCobblerGravjet Manual? 0 Play Time 00:29:12 Cumulative 7.6 hours Start 2025.05.12 @ 21:22:38 End 2025.05.12 @ 21:50:04 Sessions 1 Manual Loads 0 Difficulty Rogue Special Mode None Game No. 27 Rogue 27 Adventurer 0 Explorer 0 Win Type - Total 0 Types 0/0/0/0/0/0/0/0/0/0 Lore% 6 Gallery% 14 Achievement% 16 Wizard Run 0 Options --------- Layout 1 ASCII 0 Keyboard 0 Movement Mouse Keybinds 0 Fullscreen 1 Font 24/Smallcaps Map View 50x35 Zoom Use 0% Tactical HUD 0 Map Filters NONE Filters NONE Steam 1 RUN: 42a3618d-aac7-409a-811d-0810393c0287